 Dungeon Crawl Stone Soup version 0.13.2 (webtiles) character file.

1089 DimondSprtn the Ruinous (level 8, 0/47 HPs)
             Began as an Octopode Conjurer on Mar 3, 2017.
             Slain by an ice beast (10 damage)
             ... on Level 5 of the Dungeon.
             The game lasted 00:59:36 (5458 turns).

DimondSprtn the Ruinous (Octopode Conjurer)         Turns: 5458, Time: 00:59:37

HP   0/47        AC  1     Str  8      XL: 8   Next:  8%
MP   4/18        EV 12     Int 19      God:
Gold 185         SH  0     Dex 12      Spells:  6 memorised,  3 levels left

Res.Fire  : . . .   See Invis. : .   D - +0,+1 orc long sword
Res.Cold  : . . .   Warding    : .   (no shield)
Life Prot.: . . .   Conserve   : .   (helmet restricted)
Res.Poison: .       Res.Corr.  : .   (no amulet)
Res.Elec. : .       Clarity    : .   (no ring)
Sust.Abil.: . .     Spirit.Shd : .   (no ring)
Res.Mut.  : .       Stasis     : .   (no ring)
Res.Rott. : .       Flight     : .   (no ring)
Saprovore : . . .                    (no ring)
                                     (no ring)
                                     (no ring)
                                     (no ring)

@: slightly resistant to hostile enchantments, quite stealthy
A: almost no armour, amphibious, 8 rings, constrict 8, camouflage 1, AC +1
a: no special abilities


You were on level 5 of the Dungeon.
You were not hungry.

You visited 1 branch of the dungeon, and saw 5 of its levels.

You collected 165 gold pieces.

Inventory:

Hand weapons
 r - a +0,+0 sabre
 u - a +0,+0 falchion
 D - a +0,+1 orcish long sword (weapon)
Missiles
 d - a throwing net
 g - 5 poisoned darts (quivered)
 h - 43 darts
 i - 15 silver darts
Comestibles
 a - a chunk of giant newt flesh
 b - 4 bread rations
 f - 4 meat rations
 o - a pear
 p - 6 rotting chunks of centaur flesh
 t - 10 sultanas
 w - a sausage
 z - 3 chokos
Scrolls
 l - 2 scrolls of amnesia
 s - 5 scrolls of teleportation
 x - a scroll of fear
 F - 2 scrolls of remove curse
Potions
 n - a potion of mutation {unknown}
 v - a potion of brilliance {unknown}
 A - 4 potions of degeneration {unknown}
 B - a potion of restore abilities {unknown}
 C - a potion of heal wounds {unknown}
Books
 c - a book of Conjurations

   Spells                             Type                      Level
   *Magic Dart                        Conjuration                  1
   *Searing Ray                       Conjuration                  2
   *Dazzling Spray                    Conjuration/Hexes            3
   *Iskenderun's Mystic Blast         Conjuration                  4
   Iskenderun's Battlesphere          Conjuration/Charms           4
   Fulminant Prism                    Conjuration/Hexes            5
 j - a book of Callings

   Spells                             Type                      Level
   *Summon Small Mammal               Summoning                    1
   *Call Imp                          Summoning                    2
   Call Canine Familiar               Summoning                    3
   Summon Scorpions                   Summoning/Poison             4
   Summon Ice Beast                   Ice/Summoning                4


   Skills:
 * Level 1.7 Fighting
 - Level 0.2 Short Blades
 * Level 2.2 Long Blades
 + Level 2.4 Dodging
 + Level 3.0 Stealth
 * Level 4.5 Spellcasting
 * Level 7.0 Conjurations
 * Level 2.5 Summonings


You had 3 spell levels left.
You knew the following spells:

 Your Spells              Type           Power        Failure   Level  Hunger
a - Magic Dart            Conj           ####         1%          1    None
b - Searing Ray           Conj           ####..       1%          2    #......
c - Dazzling Spray        Conj/Hex       ###.....     12%         3    ###....
d - Summon Small Mammal   Summ           ##..         6%          1    None
e - Call Imp              Summ           ##........   10%         2    #......
f - Iskenderun's Mystic   Conj           ####....     10%         4    ####...


Dungeon Overview and Level Annotations

Branches:
Dungeon (5/27)
 Temple: D:4-7

Altars:
Makhleb


Innate Abilities, Weirdness & Mutations

You cannot wear most types of armour.
You are amphibious.
You can wear up to eight rings at the same time.
You can use your tentacles to constrict many enemies at once.
Your skin changes colour to match your surroundings (Stlth).
Your rubbery body absorbs attacks (AC +1).


Message History

The ice beast hits you. The ice beast freezes you!
The searing ray hits the ice beast.
The ice beast is moderately wounded.
The ice beast hits you. The ice beast freezes you!
The searing ray hits the ice beast.
The ice beast is heavily wounded.
The ice beast hits you. The ice beast freezes you!
Your fuming inky potion freezes and shatters!
* * * LOW HITPOINT WARNING * * *
Casting: Searing Ray
Confirm with . or Enter, or press ? or * to list all spells.
Aiming: Searing Ray
Press: ? - help, Shift-Dir - straight line, f/p - ice beast
Aim: an ice beast (heavily wounded)
The searing ray hits the ice beast.
The ice beast is heavily wounded.
The ice beast hits you.
* * * LOW HITPOINT WARNING * * *
The ice beast freezes you!
You die...

# .# #...# # § .# #...# #
. #§# .# #...# #
#.####.####.# #...# #
#...........# #.%.#
#####...###..# #...#
.............####...#####.
..........................
................@I........
.........###.............
.#####...# #....###......
.# #...# #....# ......
.#####..........# .....
.(................ .%.
................... ..
.........###########
.######..#


You could see an ice beast.

Vanquished Creatures
  An ice beast (D:4)
  An ogre (D:4)
  A centaur (D:5)
  A giant frog (D:4)
  A jelly (D:5)
  3 hounds
  A giant frog skeleton (D:5)
  A worker ant (D:4)
  2 orc wizards (D:4)
  2 iguanas
  2 scorpions
  8 adders
  4 gnolls
  A worm (D:3)
  3 oozes
  7 orcs
  A bat skeleton (D:4)
  7 giant cockroaches
  13 hobgoblins
  20 jackals
  15 kobolds
  A quokka (D:3)
  2 ball pythons
  10 bats
  2 giant newts
  8 goblins
  An orc zombie (D:4)
  9 rats
128 creatures vanquished.

Vanquished Creatures (collateral kills)
  A worker ant (D:4)
  An ooze (D:4)
  A kobold (D:4)
3 creatures vanquished.

Vanquished Creatures (others)
  A shadow imp (D:4)
  4 bats (D:4)
  2 rats (D:4)
7 creatures vanquished.

Grand Total: 138 creatures vanquished

Notes
Turn   | Place    | Note
--------------------------------------------------------------
     0 | D:1      | DimondSprtn, the Octopode Conjurer, began the quest for the Orb.
     0 | D:1      | Reached XP level 1. HP: 11/11 MP: 3/3
   165 | D:1      | Reached XP level 2. HP: 4/17 MP: 0/4
   829 | D:1      | Reached XP level 3. HP: 21/21 MP: 0/5
  1321 | D:1      | Reached skill level 5 in Conjurations
  1510 | D:2      | Reached XP level 4. HP: 27/27 MP: 2/7
  2525 | D:2      | Learned a level 2 spell: Searing Ray
  2529 | D:2      | Learned a level 3 spell: Dazzling Spray
  2861 | D:3      | Reached XP level 5. HP: 31/31 MP: 4/9
  3034 | D:3      | Found a burning altar of Makhleb.
  3267 | D:3      | Reached skill level 6 in Conjurations
  3647 | D:4      | Reached skill level 1 in Long Blades
  3647 | D:4      | Reached XP level 6. HP: 32/36 MP: 0/12
  3680 | D:4      | Learned a level 1 spell: Summon Small Mammal
  3683 | D:4      | Learned a level 2 spell: Call Imp
  4142 | D:4      | Noticed an ogre
  4385 | D:4      | Killed an ogre
  4385 | D:4      | Reached skill level 1 in Summonings
  4385 | D:4      | Reached XP level 7. HP: 41/41 MP: 8/15
  4660 | D:4      | Learned a level 4 spell: Iskenderun's Mystic Blast
  4745 | D:4      | Reached skill level 1 in Fighting
  5052 | D:5      | Entered Level 5 of the Dungeon
  5241 | D:5      | Reached XP level 8. HP: 36/47 MP: 9/18
  5367 | D:5      | Reached skill level 7 in Conjurations
  5458 | D:5      | Slain by an ice beast

Action                   |  1- 3 |  4- 6 |  7- 9 || total
-------------------------+-------+-------+-------++-------
Melee: Short sword       |    32 |    17 |       ||    49
       Unarmed           |     1 |       |       ||     1
       Falchion          |       |     7 |       ||     7
       Sabre             |       |     4 |       ||     4
 Cast: Magic Dart        |    57 |   145 |    68 ||   270
       Searing Ray       |       |     6 |    12 ||    18
       Summon Small Mamm |       |    11 |       ||    11
       Call Imp          |       |     1 |       ||     1
  Use: Scroll            |       |     7 |     1 ||     8
       Potion            |       |     2 |       ||     2
